 Dungeon Crawl Stone Soup version 0.19-a0-683-g5f2401d (webtiles) character file.

50 st0uf the Vexing (level 4, -8/32 HPs)
             Began as a Formicid Arcane Marksman on June 17, 2016.
             Mangled by a gnoll
             ... wielding a +0 spear
              (10 damage)
             ... on level 2 of the Dungeon.
             The game lasted 00:07:23 (1336 turns).

st0uf the Vexing (Formicid Arcane Marksman)         Turns: 1336, Time: 00:07:24

Health: -8/32      AC:  2    Str: 16    XL:     4   Next: 4%
Magic:  2/5        EV: 12    Int: 13    God:
Gold:   41         SH:  0    Dex: 10    Spells: 1 memorised, 4 levels left

rFire  . . .     SeeInvis +     a - +0 hunting sling
rCold  . . .     Gourm    .     e - +0 robe
rNeg   . . .     Faith    .     (no shield)
rPois  .         Spirit   .     (helmet unavailable)
rElec  .         Dismiss  .     (no cloak)
rCorr  .         Reflect  .     (no gloves)
SustAt .         Harm     .     (no boots)
MR     .....                    (no amulet)
Stlth  +.........               (no ring)
                                (no ring)

@: not resistant to hostile enchantments, very unstealthy
A: permanent stasis, dig shafts and tunnels, four strong arms, antennae 3
a: Dig, Shaft Self


You were on level 2 of the Dungeon.
You were not hungry.

You visited 1 branch of the dungeon, and saw 2 of its levels.

You collected 41 gold pieces.

Inventory:

Hand Weapons
 a - a +0 hunting sling (weapon)
Missiles
 b - 47 stones (quivered)
 d - 20 sling bullets
Armour
 e - a +0 robe (worn)
Jewellery
 g - an uncursed amulet of faith
 j - an uncursed amulet of rage {unknown}
Scrolls
 l - a scroll of fog {unknown}
 m - a scroll of blinking {unknown}
 p - a scroll of identify {unknown}
 q - a scroll of magic mapping {unknown}
 t - a scroll of remove curse {unknown}
 v - a scroll of immolation {unknown}
Potions
 h - a potion of might {unknown}
 i - a potion of magic {unknown}
 k - a potion of resistance {unknown}
 n - a potion of curing {unknown}
 r - a potion of cure mutation {unknown}
 s - a potion of mutation {unknown}
 x - a potion of cancellation {unknown}
Books
 c - a book of Debilitation

   Spells                             Type                      Level
   a - Corona                         Hexes                        1
   b - Slow                           Hexes                        2
   c - Gell's Gravitas                Hexes/Translocation          3
   d - Inner Flame                    Hexes/Fire                   3
   e - Cause Fear                     Hexes                        4
   f - Leda's Liquefaction            Hexes/Earth                  4
Comestibles
 f - 3 bread rations
 o - a slice of pizza
 u - a meat ration
 w - 4 chunks of flesh


   Skills:
 + Level 1.5 Fighting
 + Level 3.2 Slings
 + Level 2.1 Dodging
 + Level 1.1 Spellcasting
 + Level 4.3 Hexes


You had 4 spell levels left.
You knew the following spells:

 Your Spells              Type           Power        Failure   Level  Hunger
a - Corona                Hex            ##.....      6%          1    ##.....


Dungeon Overview and Level Annotations

Branches:
Dungeon (2/15)

Altars:
Elyvilon
Pakellas


Innate Abilities, Weirdness & Mutations

You are under a permanent stasis effect.
You can dig through walls and to a lower floor.
Your four strong arms can wield two-handed weapons with a shield.
You have a pair of large antennae on your head. (SInv)


Message History

Aim: a gnoll, wielding a spear (softly glowing)
You shoot a stone. The stone hits the gnoll.
The gnoll is lightly wounded.
The gnoll barely misses you.
The gnoll hits you from afar with a spear.
* * * LOW HITPOINT WARNING * * *
Firing (i - inventory. (,) - cycle):
b - 49 stones (quivered)
Press: ? - help, Shift-Dir - straight line, f/p - gnoll
Aim: a gnoll, wielding a spear (lightly wounded, softly glowing)
You shoot a stone. The stone hits the gnoll!
The gnoll is almost dead.
The gnoll hits you but does no damage.
Firing (i - inventory. (,) - cycle):
b - 48 stones (quivered)
Press: ? - help, Shift-Dir - straight line, f/p - gnoll
Aim: a gnoll, wielding a spear (almost dead, softly glowing)
You shoot a stone.
The stone hits the gnoll but does no damage.
The gnoll is almost dead.
The gnoll hits you from afar with a spear!
You die...

{ ##### ## ### #... #
.. ..# ###.##.#.# .#
#.###...g{...# .#
#.#.....#{#### .#
######.#.###@#g#
.####...##.#.#...#gg
.......[...#.#.#.#.(.
....#..........#.#g###
......######.#.#.#..
..#...... ...#.....#
#+##############.#.#
.......#....{ #.#.#
............ ... .{


You could see a gnoll.

Vanquished Creatures
  A gnoll (D:2)
  An ooze (D:2)
  A worm (D:2)
  2 dart slugs
  A giant gecko (D:2)
  4 bats
  A giant cockroach (D:1)
  4 goblins (D:1)
  3 hobgoblins
  5 kobolds (D:1)
  2 giant newts (D:1)
  4 rats
29 creatures vanquished.

Notes
Turn   | Place    | Note
--------------------------------------------------------------
     0 | D:1      | st0uf the Formicid Arcane Marksman began the quest for the Orb.
     0 | D:1      | Reached XP level 1. HP: 15/15 MP: 2/2
    49 | D:1      | Reached XP level 2. HP: 16/21 MP: 3/3
    59 | D:1      | Reached skill level 4 in Hexes
   808 | D:1      | Reached XP level 3. HP: 26/26 MP: 4/4
  1031 | D:2      | Found an oddly glowing altar of Pakellas.
  1031 | D:2      | Found a white marble altar of Elyvilon.
  1332 | D:2      | Reached XP level 4. HP: 14/32 MP: 3/5
  1336 | D:2      | Mangled by a gnoll

Vault maps used:
D:1:      dpeg_arrival_shelter
D:2:      amethyst_overflow_temple_binary, uniq_sigmund

Skill      XL: |  1  2  3 |
---------------+----------+-----
Hexes          | 4 |  4.3
Dodging        | 2 |  2.1
Slings         | 3 |  3.2
Fighting       | |  1.5
Spellcasting   | |  1.1

Action                   |  1- 3 |  4- 6 || total
-------------------------+-------+-------++-------
 Fire: Hunting sling     |   119 |     3 ||   122
 Cast: Corona            |     1 |     1 ||     2
  Eat: Chunk             |     1 |       ||     1
Armor: Robe              |    13 |     1 ||    14
Dodge: Dodged            |    44 |     1 ||    45
